[Event "ICC tourney 2109 (75 10)"]
[Site "Internet Chess Club"]
[Date "2020.11.08"]
[Round "7"]
[White "KittiesRock18"]
[Black "Arsalchess"]
[Result "1-0"]
[ICCResult "Black resigns"]
[WhiteElo "1838"]
[BlackElo "1893"]
[Opening "Scotch game"]
[ECO "C45"]
[NIC "SO.05"]
[Time "18:04:46"]
[PlyCount "91"]
[TimeControl "4500+10"]

1. e4 e5 2. Nf3 Nc6 3. d4 exd4 4. Nxd4 Bc5 5. Be3 Qf6 6. c3 Nge7 7. Bc4 O-O
8. O-O Qg6 9. Nd2 Bb6 10. Qe2 d6 11. Nxc6 Nxc6 12. f3 Re8 13. Bd5 Ne5 14.
Bd4 Nd7 15. Bf2 Nf6 16. Bb3 d5 17. Bc2 dxe4 18. Nxe4 Nd5 19. Qd2 Qh5 20.
Bxb6 axb6 21. Rfe1 Be6 22. Ng5 Rad8 23. Bxh7+ Kh8 24. Nxe6 fxe6 25. Bc2 e5
26. Qd3 Nf4 27. Qe3 Rd6 28. g3 Rh6 29. h4 g5 30. gxf4 Qxh4 31. Kf1 Qh1+ 32.
Ke2 Qg2+ 33. Kd1 Rh2 34. Qd3 g4 35. fxg4 e4 36. Qd4+ Kg8 37. Bb3+ Kh7 38.
Qd7+ Kh6 39. g5+ Kh5 40. Qxe8+ Kh4 41. Qh8+ Kg4 42. Qd8 e3 43. Be6+ Kh4 44.
Qh8+ Kg3 45. Rxe3+ Kf2 46. Qxh2 { Black resigns } 1-0

[Event "ICC tourney 2109 (75 10)"]
[Site "Internet Chess Club"]
[Date "2020.11.08"]
[Round "7"]
[White "AJ2000"]
[Black "cdj12417489"]
[Result "1-0"]
[ICCResult "Black resigns"]
[WhiteElo "1659"]
[BlackElo "1256"]
[Opening "Scandinavian defense"]
[ECO "B01"]
[NIC "SD.03"]
[Time "18:04:06"]
[PlyCount "61"]
[TimeControl "4500+10"]

1. e4 d5 2. exd5 Nf6 3. d4 Qxd5 4. c4 Qd8 5. Nc3 e6 6. Nf3 Bb4 7. Bf4 a6 8.
Ne5 O-O 9. Be2 c5 10. dxc5 Bxc3+ 11. bxc3 Qa5 12. O-O Qxc5 13. Qb3 Nc6 14.
Nxc6 Qxc6 15. Rad1 Qe4 16. Be3 Qc6 17. Bf3 Qc7 18. Bb6 Qe7 19. Rd2 Nd7 20.
Rfd1 g6 21. Bc7 Nc5 22. Qb6 Na4 23. Qa5 Nc5 24. Bd6 Qf6 25. Bxf8 Kxf8 26.
Qxc5+ Kg7 27. Rd8 Kh6 28. Qf8+ Kg5 29. h4+ Kf5 30. Qh6 Rb8 31. g4+ { Black
resigns } 1-0

[Event "ICC tourney 2109 (75 10)"]
[Site "Internet Chess Club"]
[Date "2020.11.08"]
[Round "7"]
[White "Roger436"]
[Black "JunlinTheWorld"]
[Result "1/2-1/2"]
[ICCResult "Game drawn because neither player has mating material"]
[WhiteElo "1747"]
[BlackElo "1832"]
[Opening "Sicilian: dragon, Yugoslav attack, 7...O-O"]
[ECO "B76"]
[NIC "SI.17"]
[Time "18:04:20"]
[PlyCount "92"]
[TimeControl "4500+10"]

1. e4 c5 2. Nf3 d6 3. d4 cxd4 4. Nxd4 Nf6 5. Nc3 g6 6. f3 Bg7 7. Be3 O-O 8.
Qd2 Nc6 9. g4 Be6 10. O-O-O Rc8 11. h4 Nxd4 12. Bxd4 a6 13. h5 b5 14. Qh2
h6 15. Bxf6 exf6 16. Rxd6 Qe7 17. hxg6 fxg6 18. Nd5 Bxd5 19. Rxd5 Rfd8 20.
Qd2 Qc7 21. Rxd8+ Rxd8 22. Bd3 a5 23. Rd1 Kh7 24. e5 Rb8 25. exf6 Bxf6 26.
Kb1 Qe5 27. c3 Bg7 28. Re1 Qf6 29. g5 Qxf3 30. Rf1 Qh5 31. gxh6 Qxh6 32.
Qxh6+ Bxh6 33. Rf6 Be3 34. Rxg6 Kh8 35. Re6 Bf4 36. Rf6 Bc7 37. Rh6+ Kg8
38. Rc6 Bd8 39. Rc5 b4 40. cxb4 axb4 41. Rb5 Rxb5 42. Bxb5 Be7 43. Kc2 Kf7
44. Kb3 Ke6 45. a3 bxa3 46. bxa3 Bxa3 { Game drawn because neither player
has mating material } 1/2-1/2

[Event "ICC tourney 2109 (75 10)"]
[Site "Internet Chess Club"]
[Date "2020.11.08"]
[Round "7"]
[White "Mapking1"]
[Black "chesslead"]
[Result "0-1"]
[ICCResult "White checkmated"]
[WhiteElo "1794"]
[BlackElo "2095"]
[Opening "Pirc defense"]
[ECO "B07"]
[NIC "PU.08"]
[Time "18:04:27"]
[PlyCount "164"]
[TimeControl "4500+10"]

1. e4 d6 2. d4 Nf6 3. Nc3 Nbd7 4. Be3 e5 5. f3 Be7 6. Nge2 c6 7. Qd2 O-O 8.
O-O-O b5 9. Ng3 Nb6 10. Nf5 Bxf5 11. exf5 exd4 12. Bxd4 b4 13. Ne4 d5 14.
Nxf6+ Bxf6 15. Qxb4 Bxd4 16. Qxd4 Qg5+ 17. Kb1 Qxf5 18. Bd3 Qd7 19. c4 Rab8
20. c5 Na8 21. Qh4 h6 22. g4 Qd8 23. Qh5 Qf6 24. b3 a5 25. h4 a4 26. g5 Qc3
27. gxh6 g6 28. Rhg1 axb3 29. a4 Kh8 30. Qg5 Nc7 31. Qc1 d4 32. h5 Nd5 33.
hxg6 Qxc1+ 34. Rxc1 fxg6 35. Rc4 b2 36. Be4 Nc3+ 37. Rxc3 dxc3 38. Kc2 g5
39. Kxc3 Rfe8 40. Bxc6 Re3+ 41. Kc2 Re2+ 42. Kb1 Rd2 43. Bb5 Rf8 44. Rf1
Rf5 45. Ka2 Rxc5 46. Rb1 Rcc2 47. Be8 Kh7 48. Kb3 Kxh6 49. a5 Rf2 50. a6
Rc8 51. Bb5 Rxf3+ 52. Kxb2 g4 53. Ra1 Rf7 54. Kb3 g3 55. Bf1 Rf2 56. Bh3
Ra8 57. Kc4 Kh5 58. Kb5 Kh4 59. Bf1 Kh5 60. Bh3 Kh4 61. Bf1 Rf5+ 62. Kb6
Rf6+ 63. Kb5 Raxa6 64. Re1 Rab6+ 65. Kc4 Rxf1 66. Rxf1 g2 67. Ra1 Rg6 68.
Rg1 Kh3 69. Kd3 Kh2 70. Ke4 Kxg1 71. Ke3 Kf1 72. Ke4 g1=Q 73. Kd5 Rg5+ 74.
Ke4 Qg4+ 75. Kd3 Rd5+ 76. Ke3 Re5+ 77. Kd3 Qe4+ 78. Kc3 Rc5+ 79. Kb3 Qc4+
80. Ka3 Ra5+ 81. Kb2 Rb5+ 82. Ka3 Qb3# { White checkmated } 0-1

[Event "ICC tourney 2109 (75 10)"]
[Site "Internet Chess Club"]
[Date "2020.11.08"]
[Round "7"]
[White "davika21"]
[Black "FL2009"]
[Result "1/2-1/2"]
[ICCResult "Game drawn by mutual agreement"]
[WhiteElo "1913"]
[BlackElo "1847"]
[Opening "Ruy Lopez: Berlin defense, open variation"]
[ECO "C67"]
[NIC "RL.07"]
[Time "18:04:24"]
[PlyCount "91"]
[TimeControl "4500+10"]

1. e4 e5 2. Nf3 Nc6 3. Bb5 Nf6 4. O-O Nxe4 5. d4 Nd6 6. Bxc6 dxc6 7. dxe5
Nf5 8. Qxd8+ Kxd8 9. b3 h6 10. Bb2 Be6 11. Nbd2 b6 12. Rad1 Kc8 13. Ne4 Kb7
14. Nd4 Nxd4 15. Rxd4 c5 16. Rd2 Be7 17. Rfd1 Rad8 18. c4 Rxd2 19. Rxd2 Rd8
20. f4 Bf5 21. Rxd8 Bxd8 22. Nd2 c6 23. Kf2 b5 24. Bc3 a5 25. Ke3 Bc2 26.
Ne4 b4 27. Nxc5+ Kc8 28. Bd4 Bb1 29. Kd2 Bb6 30. Ne6 fxe6 31. Bxb6 Bxa2 32.
Bxa5 Bxb3 33. Bxb4 Bxc4 34. Bf8 h5 35. Bxg7 Bf1 36. g3 Bh3 37. Kc3 Kb7 38.
Kc4 Kb6 39. Bf6 Bf1+ 40. Kb4 c5+ 41. Kc3 Bh3 42. Be7 Kc6 43. Kc4 Bf1+ 44.
Kc3 Kd5 45. Bf6 Ke4 46. Bg5 { Game drawn by mutual agreement } 1/2-1/2

[Event "ICC tourney 2109 (75 10)"]
[Site "Internet Chess Club"]
[Date "2020.11.08"]
[Round "7"]
[White "jpbaligad"]
[Black "bcooke01"]
[Result "1/2-1/2"]
[ICCResult "Game drawn by mutual agreement"]
[WhiteElo "1914"]
[BlackElo "1895"]
[Opening "French: Réti (Spielmann) variation"]
[ECO "C00"]
[NIC "FR.01"]
[Time "18:04:01"]
[PlyCount "130"]
[TimeControl "4500+10"]

1. e4 e6 2. b3 d5 3. exd5 exd5 4. Bb2 Nf6 5. Nf3 Bd6 6. Be2 O-O 7. O-O Bf5
8. d4 Re8 9. Nc3 c6 10. Bd3 Bg4 11. h3 Bh5 12. Be2 Qc7 13. Re1 Nbd7 14. a3
Re7 15. Nd2 Bxe2 16. Rxe2 Rxe2 17. Qxe2 Re8 18. Qf1 Bf4 19. Nf3 Ne4 20. Qd3
Ndf6 21. Ne2 Bd6 22. Rd1 Qe7 23. a4 Qc7 24. c4 b6 25. Nc3 Nxc3 26. Bxc3 Ne4
27. Re1 Re6 28. Bb2 Nxf2 29. Kxf2 Bg3+ 30. Kf1 Bxe1 31. Nxe1 Qf4+ 32. Nf3
Re3 33. Qc2 Rxf3+ 34. gxf3 Qxf3+ 35. Ke1 Qxh3 36. cxd5 Qh1+ 37. Kd2 Qg2+
38. Kc1 Qxc2+ 39. Kxc2 cxd5 40. b4 g5 41. Kd3 f5 42. b5 Kf7 43. Ba3 Ke6 44.
Ke3 h5 45. Kf3 h4 46. Bc1 Kf6 47. Bd2 g4+ 48. Kg2 Ke6 49. Bg5 h3+ 50. Kg3
Kf7 51. Bf4 Kf6 52. Kh4 Kg6 53. Be5 Kh6 54. Bg3 Kg6 55. Bf4 Kf6 56. Kh5 g3
57. Bxg3 f4 58. Bxf4 Kf5 59. Be5 Ke4 60. Kh4 h2 61. Bxh2 Kxd4 62. Bb8 Kc4
63. Bxa7 Kb4 64. Bxb6 Kxa4 65. Bf2 Kxb5 { Game drawn by mutual agreement }
1/2-1/2

[Event "ICC tourney 2109 (75 10)"]
[Site "Internet Chess Club"]
[Date "2020.11.08"]
[Round "7"]
[White "canary2016"]
[Black "vishalanil"]
[Result "1/2-1/2"]
[ICCResult "Game drawn by mutual agreement"]
[WhiteElo "1917"]
[BlackElo "1853"]
[Opening "Catalan: closed"]
[ECO "E01"]
[NIC "CA.01"]
[Time "18:03:52"]
[PlyCount "112"]
[TimeControl "4500+10"]

1. d4 Nf6 2. c4 e6 3. g3 d5 4. Bg2 c6 5. Nf3 Bb4+ 6. Nbd2 O-O 7. O-O Nbd7
8. Qc2 b6 9. e4 dxe4 10. Nxe4 Bb7 11. Rd1 Nxe4 12. Qxe4 Nf6 13. Qe2 h6 14.
Ne5 Rc8 15. Bf4 Qe7 16. Rac1 Bd6 17. Nd3 Bxf4 18. Nxf4 Rfe8 19. Nh5 Nxh5
20. Qxh5 c5 21. d5 exd5 22. Bxd5 Bxd5 23. Rxd5 Qe2 24. Qxe2 Rxe2 25. Rb1
Rc2 26. Rd7 Ra8 27. Re1 Rxb2 28. Ree7 Rf8 29. Rxa7 Rb4 30. Reb7 Rxc4 31.
Rxb6 Rc1+ 32. Kg2 c4 33. Rc6 c3 34. a4 c2 35. a5 Rb8 36. Rac7 Ra1 37. a6
c1=Q 38. Rxc1 Rxa6 39. R1c2 Rf6 40. f3 Rb3 41. R7c3 Rxc3 42. Rxc3 Kh7 43.
g4 g5 44. Kg3 Kg6 45. Rc4 h5 46. gxh5+ Kxh5 47. Rb4 Rf5 48. Rc4 Rf6 49. Rc8
Kg6 50. Rg8+ Kh6 51. Rh8+ Kg7 52. Rd8 Kg6 53. Rd5 Re6 54. Kg4 f6 55. h4
gxh4 56. Kxh4 f5 { Game drawn by mutual agreement } 1/2-1/2

[Event "ICC tourney 2109 (75 10)"]
[Site "Internet Chess Club"]
[Date "2020.11.08"]
[Round "7"]
[White "rmauskopf24"]
[Black "playerlucky"]
[Result "1-0"]
[ICCResult "Black resigns"]
[WhiteElo "1765"]
[BlackElo "1810"]
[Opening "King's Indian: Kazakh variation"]
[ECO "E91"]
[NIC "KI.19"]
[Time "18:03:59"]
[PlyCount "77"]
[TimeControl "4500+10"]

1. d4 Nf6 2. c4 g6 3. Nc3 Bg7 4. e4 d6 5. Nf3 O-O 6. Be2 Na6 7. O-O e5 8.
Be3 exd4 9. Nxd4 c6 10. f3 Qe7 11. Qd2 Nc7 12. Bg5 Ne6 13. Nxe6 fxe6 14.
Rfd1 Qf7 15. Qxd6 h6 16. Be3 e5 17. Qd2 g5 18. h4 gxh4 19. Bxh6 h3 20. Qg5
hxg2 21. Kxg2 Nh5 22. Kf2 Nf4 23. Rh1 Nxe2 24. Qxg7+ Qxg7 25. Bxg7 Kxg7 26.
Nxe2 Rf6 27. Rh5 Be6 28. Rxe5 Bxc4 29. Re7+ Rf7 30. Rg1+ Kf6 31. Rxf7+ Bxf7
32. a3 Rd8 33. Ke3 Bc4 34. Nf4 Bf7 35. Rg2 Ke5 36. Nd3+ Kf6 37. f4 b6 38.
Ne5 Be8 39. Rd2 { Black resigns } 1-0

[Event "ICC tourney 2109 (75 10)"]
[Site "Internet Chess Club"]
[Date "2020.11.08"]
[Round "7"]
[White "wangfang75"]
[Black "gardemarin13"]
[Result "0-1"]
[ICCResult "White checkmated"]
[WhiteElo "1833"]
[BlackElo "1904"]
[Opening "Sicilian: accelerated fianchetto, modern variation with Bc4"]
[ECO "B35"]
[NIC "SI.33"]
[Time "18:03:57"]
[PlyCount "46"]
[TimeControl "4500+10"]

1. e4 c5 2. Nf3 g6 3. d4 cxd4 4. Nxd4 Nc6 5. Nc3 Bg7 6. Be3 Nf6 7. Bc4 O-O
8. Bb3 a5 9. f3 d5 10. exd5 Nb4 11. Nde2 a4 12. Nxa4 Nfxd5 13. Bd4 Bxd4 14.
Qxd4 Bf5 15. O-O-O e5 16. Qd2 Rxa4 17. Bxa4 Qa5 18. Bb3 Rc8 19. Nc3 Nxc3
20. bxc3 Nxa2+ 21. Kb2 Ra8 22. Ra1 Qa3+ 23. Kb1 Qxb3# { White checkmated }
0-1

[Event "ICC tourney 2109 (75 10)"]
[Site "Internet Chess Club"]
[Date "2020.11.08"]
[Round "7"]
[White "chessisthebest1"]
[Black "imranchamp"]
[Result "0-1"]
[ICCResult "White resigns"]
[WhiteElo "1814"]
[BlackElo "1834"]
[Opening "Sicilian: Pelikan, Chelyabinsk variation"]
[ECO "B33"]
[NIC "SI.37"]
[Time "18:03:58"]
[PlyCount "150"]
[TimeControl "4500+10"]

1. e4 c5 2. Nf3 Nc6 3. d4 cxd4 4. Nxd4 Nf6 5. Nc3 e5 6. Ndb5 d6 7. Bg5 a6
8. Na3 b5 9. Nd5 Be7 10. Bxf6 Bxf6 11. c4 b4 12. Nc2 a5 13. g3 Bg5 14. Bg2
Ne7 15. Nxe7 Qxe7 16. O-O O-O 17. Qd3 Be6 18. Rad1 Rac8 19. b3 Rfd8 20. Ne3
Bxe3 21. fxe3 Qa7 22. Qe2 Qc5 23. Kh1 a4 24. Rfe1 Ra8 25. Qb2 axb3 26. axb3
Ra3 27. Ra1 Rda8 28. Rxa3 bxa3 29. Qa2 Qb4 30. Rb1 Qc3 31. Ra1 Qxe3 32. Rb1
h6 33. Rd1 Bg4 34. Rf1 Qe2 35. Qxe2 Bxe2 36. Ra1 a2 37. Kg1 Bd1 38. b4 Bb3
39. Bf1 Ra4 40. b5 Rb4 41. Kf2 Bxc4 42. Bxc4 Rxc4 43. Rxa2 Rxe4 44. Rb2 Ra4
45. b6 Ra8 46. Ke3 Kf8 47. Ke4 Ke7 48. Kd5 Kd7 49. Rb5 f6 50. b7 Rb8 51.
Rb6 Kc7 52. Rxd6 Rxb7 53. Rc6+ Kd7 54. Rd6+ Ke7 55. Re6+ Kf7 56. Rc6 Rb2
57. h4 Rb3 58. g4 Rb4 59. Rc7+ Kg6 60. g5 Rxh4 61. gxf6 gxf6 62. Rc6 Rf4
63. Ra6 h5 64. Ra3 h4 65. Rh3 Kf5 66. Rh1 Kg4 67. Rg1+ Kh3 68. Ke6 Kh2 69.
Rg6 h3 70. Rg8 Kh1 71. Kd5 h2 72. Rg7 Rf1 73. Ke4 Rg1 74. Rh7 Kg2 75. Rg7+
Kf2 { White resigns } 0-1

[Event "ICC tourney 2109 (75 10)"]
[Site "Internet Chess Club"]
[Date "2020.11.08"]
[Round "7"]
[White "poohfur"]
[Black "wahoo"]
[Result "1-0"]
[ICCResult "Black checkmated"]
[WhiteElo "1722"]
[BlackElo "1623"]
[Opening "Scandinavian (center counter) defense"]
[ECO "B01"]
[NIC "SD.01"]
[Time "18:04:01"]
[PlyCount "71"]
[TimeControl "4500+10"]

1. e4 d5 2. exd5 Qxd5 3. Nc3 Qa5 4. d4 c6 5. Nf3 Bg4 6. Bc4 e6 7. Bf4 Nf6
8. O-O Be7 9. h3 Bh5 10. Qe2 Nbd7 11. Rfe1 O-O-O 12. Rad1 h6 13. Bh2 g5 14.
d5 cxd5 15. Bxd5 exd5 16. Qxe7 Rhe8 17. Nxd5 Bxf3 18. gxf3 b6 19. b4 Qb5
20. c4 Qc6 21. Qxf7 Rxe1+ 22. Rxe1 Kb7 23. Re6 Qxc4 24. Nxf6 Qc8 25. Re7
Qc1+ 26. Kg2 Rc8 27. Rxd7+ Ka6 28. Rxa7+ Kb5 29. Qd5+ Kxb4 30. Bd6+ Kc3 31.
Ne4+ Kb2 32. Qb3+ Ka1 33. Be5+ Rc3 34. Bxc3+ Qxc3 35. Qxc3+ Kb1 36. Nd2# {
Black checkmated } 1-0

[Event "ICC tourney 2109 (75 10)"]
[Site "Internet Chess Club"]
[Date "2020.11.08"]
[Round "7"]
[White "hpu2005"]
[Black "alexsaidfeghhi"]
[Result "1-0"]
[ICCResult "Black resigns"]
[WhiteElo "1975"]
[BlackElo "1898"]
[Opening "QGD: semi-Slav, Abrahams variation"]
[ECO "D31"]
[NIC "SL.06"]
[Time "18:04:03"]
[PlyCount "81"]
[TimeControl "4500+10"]

1. d4 d5 2. c4 e6 3. Nc3 c6 4. Nf3 dxc4 5. a4 Bb4 6. e3 b5 7. Bd2 a5 8.
axb5 Bxc3 9. Bxc3 cxb5 10. b3 Bb7 11. bxc4 b4 12. Bd2 Nf6 13. Bd3 O-O 14.
O-O Ne4 15. Qc2 Nxd2 16. Nxd2 h6 17. c5 Bc6 18. Be4 Qc7 19. Rfb1 Nd7 20.
Bxc6 Qxc6 21. Nc4 Qb5 22. Ra4 Nf6 23. Nd6 Qa6 24. Rba1 Nd5 25. Qb3 Nc3 26.
Rxa5 Qxa5 27. Rxa5 Rxa5 28. g3 Rb8 29. c6 Nd5 30. e4 Ra3 31. Qd1 Nc7 32.
Qh5 Ra7 33. Qxf7+ Kh7 34. d5 exd5 35. exd5 Rd8 36. Qf5+ Kg8 37. Nb7 Rxd5
38. Qc8+ Kh7 39. Qxc7 Rb5 40. Qd7 b3 41. Qd3+ { Black resigns } 1-0

[Event "ICC tourney 2109 (75 10)"]
[Site "Internet Chess Club"]
[Date "2020.11.08"]
[Round "7"]
[White "corviknight"]
[Black "Goldenmaknae"]
[Result "1-0"]
[ICCResult "Black checkmated"]
[WhiteElo "1827"]
[BlackElo "1860"]
[Opening "Sicilian: Labourdonnais-Löwenthal (Kalashnikov) variation"]
[ECO "B32"]
[NIC "SI.32"]
[Time "18:04:16"]
[PlyCount "119"]
[TimeControl "4500+10"]

1. e4 c5 2. Nf3 Nc6 3. d4 cxd4 4. Nxd4 e5 5. Nb5 d6 6. N1c3 a6 7. Na3 Nf6
8. Bg5 Be7 9. Bxf6 Bxf6 10. Nd5 b5 11. c3 O-O 12. Bd3 Be6 13. Be2 Bxd5 14.
Qxd5 Ne7 15. Qd3 Qb6 16. Nc2 Bg5 17. O-O Rfd8 18. Nb4 Rac8 19. a4 a5 20.
Nc2 bxa4 21. Qb5 Qxb5 22. Bxb5 Rb8 23. c4 d5 24. exd5 Nxd5 25. Rxa4 Nc7 26.
Rxa5 Rd2 27. Nb4 Nxb5 28. Nc6 Rc8 29. cxb5 Rxb2 30. Rd1 Bf6 31. Raa1 g6 32.
Rab1 Rxb5 33. Ne7+ Bxe7 34. Rxb5 Rc5 35. Rb7 Bg5 36. g3 Rc1 37. Rxc1 Bxc1
38. Rb5 f6 39. Rb7 h5 40. Kf1 Bh6 41. Ke2 Bg7 42. Kd3 Kh7 43. Kc4 Kh6 44.
h4 f5 45. Kd5 e4 46. Ke6 Bd4 47. Kf7 Bxf2 48. Rb8 Kh7 49. Rg8 Bxg3 50. Rg7+
Kh8 51. Rxg6 Kh7 52. Rxg3 f4 53. Rg5 Kh6 54. Re5 e3 55. Re4 e2 56. Rxe2 f3
57. Rf2 Kh7 58. Rxf3 Kh6 59. Rf5 Kh7 60. Rxh5# { Black checkmated } 1-0

[Event "ICC tourney 2109 (75 10)"]
[Site "Internet Chess Club"]
[Date "2020.11.08"]
[Round "7"]
[White "Priccchess"]
[Black "HarleyQueen8"]
[Result "0-1"]
[ICCResult "White resigns"]
[WhiteElo "1766"]
[BlackElo "1896"]
[Opening "Sicilian"]
[ECO "B56"]
[NIC "SI.25"]
[Time "18:03:54"]
[PlyCount "178"]
[TimeControl "4500+10"]

1. e4 c5 2. Nf3 d6 3. d4 cxd4 4. Nxd4 Nf6 5. Nc3 Nc6 6. Be3 Ng4 7. Nxc6
bxc6 8. Qf3 Nxe3 9. Qxe3 e5 10. Bc4 Be7 11. O-O O-O 12. Rad1 Qc7 13. h3 Bb7
14. Kh1 Qb6 15. Qxb6 axb6 16. a3 Ba6 17. Bxa6 Rxa6 18. g3 b5 19. f4 exf4
20. gxf4 Rb8 21. Kg2 h6 22. Na2 c5 23. c3 Rbb6 24. Kf3 Bf6 25. Rf2 Ra7 26.
Rfd2 Be7 27. Rd5 Rc7 28. Rg1 Bf6 29. Rgd1 Be7 30. R1d2 Ra6 31. R2d3 Rcc6
32. Rd2 Rc7 33. Rd1 Rb6 34. Ke3 Ra7 35. R1d2 Rc7 36. Rg2 Bf6 37. Rf5 Kf8
38. Rd2 Ra6 39. Rfd5 Be7 40. Rd1 Rb6 41. R5d3 Ra7 42. R1d2 Rc7 43. Rc2 Rcb7
44. Nc1 Rb8 45. Ne2 b4 46. cxb4 cxb4 47. Nd4 bxa3 48. bxa3 g6 49. Rc7 Bd8
50. Rcc3 Bf6 51. Rc7 Bd8 52. Rc2 Bf6 53. Nc6 Ra8 54. Nb4 Be7 55. Nd5 Rb7
56. Rdc3 Kg7 57. Rd2 Bf8 58. Rdd3 Raa7 59. Rb3 Rd7 60. a4 Rd8 61. Rd4 Rc8
62. Kd2 Be7 63. Nxe7 Rxe7 64. Rb6 Rce8 65. Kd3 Ra8 66. Rb5 Rea7 67. Rbb4
Kf8 68. Kc3 Ke7 69. Kb3 Ra6 70. Rb5 Ke6 71. Kb4 Rxa4+ 72. Kc3 Rxd4 73. Kxd4
Ra4+ 74. Kd3 Ra3+ 75. Kd4 Rxh3 76. Rb7 Rf3 77. f5+ gxf5 78. exf5+ Rxf5 79.
Rb8 Re5 80. Re8+ Kf6 81. Rh8 Kg7 82. Rd8 Re6 83. Ra8 h5 84. Ra5 Kg6 85. Ra2
h4 86. Rg2+ Kh5 87. Rg7 Rf6 88. Rg1 h3 89. Rg8 h2 { White resigns } 0-1

[Event "ICC tourney 2109 (75 10)"]
[Site "Internet Chess Club"]
[Date "2020.11.08"]
[Round "7"]
[White "wulovechess"]
[Black "orwind"]
[Result "0-1"]
[ICCResult "White checkmated"]
[WhiteElo "1603"]
[BlackElo "1635"]
[Opening "Sicilian: Taimanov variation"]
[ECO "B45"]
[NIC "SI.39"]
[Time "18:03:57"]
[PlyCount "120"]
[TimeControl "4500+10"]

1. e4 c5 2. Nf3 e6 3. d4 cxd4 4. Nxd4 Nc6 5. Nc3 Nf6 6. Be3 Bb4 7. Bc4
Bxc3+ 8. bxc3 Nxe4 9. Qg4 Nxc3 10. Qxg7 Rf8 11. Bh6 Qe7 12. Qxh7 Nxd4 13.
Bxf8 Qxf8 14. Qd3 Qb4 15. Qxd4 Nb5+ 16. Qd2 Qxc4 17. Qd3 Qb4+ 18. Qd2 Qe4+
19. Kf1 b6 20. Qd3 Qxd3+ 21. cxd3 Ba6 22. a4 Nc3 23. Ke1 Nd5 24. Kd2 Nf4
25. f3 Ke7 26. Rhe1 Nxd3 27. Re4 Nc5 28. Rb4 Rg8 29. g4 Rh8 30. Rh1 Rh3 31.
Ke3 Bb7 32. Rf4 f6 33. Kd2 Rxf3 34. Rxf3 Bxf3 35. Rg1 Bc6 36. h4 Kf7 37.
Ke3 Ne4 38. g5 fxg5 39. hxg5 Kg6 40. Kf4 d6 41. Rc1 e5+ 42. Ke3 Nc5 43. Ke2
Bxa4 44. Ra1 d5 45. Ra3 d4 46. Kd2 e4 47. Ke2 e3 48. Rxa4 Nxa4 49. Kd3 b5
50. Kc2 e2 51. Kd2 d3 52. Kxd3 e1=Q 53. Kd4 Qc3+ 54. Ke4 b4 55. Kd5 b3 56.
Kd6 b2 57. Kd5 b1=Q 58. Ke6 Qe4+ 59. Kd7 Qcc6+ 60. Kd8 Qee8# { White
checkmated } 0-1

[Event "ICC tourney 2109 (75 10)"]
[Site "Internet Chess Club"]
[Date "2020.11.08"]
[Round "7"]
[White "saisneha"]
[Black "pawnpush202044"]
[Result "1-0"]
[ICCResult "Black resigns"]
[WhiteElo "1887"]
[BlackElo "1880"]
[Opening "QGD: exchange, positional line"]
[ECO "D35"]
[NIC "QO.16"]
[Time "18:04:09"]
[PlyCount "107"]
[TimeControl "4500+10"]

1. d4 d5 2. c4 e6 3. Nc3 Nf6 4. cxd5 exd5 5. Bg5 Be7 6. e3 c6 7. Bd3 Nbd7
8. Nf3 O-O 9. O-O Re8 10. Qc2 h6 11. Bh4 Ne4 12. Bxe7 Qxe7 13. Rfe1 Ndf6
14. Ne5 Nxc3 15. Qxc3 Be6 16. Rac1 Nd7 17. Nf3 Bg4 18. Nd2 Rac8 19. b4 Qg5
20. a4 Nf6 21. Qb3 Re6 22. b5 b6 23. bxc6 Rexc6 24. Rxc6 Rxc6 25. Qb5 Bd7
26. Nf3 Qh5 27. Qb4 Rc8 28. Ne5 Bf5 29. Be2 Qg5 30. Qe7 Be6 31. Qxa7 Ne4
32. Qxb6 Bh3 33. Bf1 Rc2 34. Nd3 Qf5 35. gxh3 Rxf2 36. Qd8+ Kh7 37. Qh4 Rd2
38. Qf4 Qg6+ 39. Kh1 f6 40. a5 Ng5 41. a6 Ra2 42. Nb4 Ra5 43. Bd3 Ne4 44.
Rg1 Qf7 45. Nc6 Ra2 46. a7 Qh5 47. Bxe4+ dxe4 48. Qxe4+ f5 49. Qf4 Qxh3 50.
Rxg7+ Kxg7 51. Qc7+ Kh8 52. Qc8+ Kh7 53. Qb7+ Kg6 54. Ne5+ { Black resigns
} 1-0

[Event "ICC tourney 2109 (75 10)"]
[Site "Internet Chess Club"]
[Date "2020.11.08"]
[Round "7"]
[White "irisl"]
[Black "xyzchessdude"]
[Result "1-0"]
[ICCResult "Black checkmated"]
[WhiteElo "1506"]
[BlackElo "1976"]
[Opening "Sicilian: Sozin, Benkö variation"]
[ECO "B57"]
[NIC "SI.25"]
[Time "18:03:52"]
[PlyCount "141"]
[TimeControl "4500+10"]

1. e4 c5 2. Nf3 Nc6 3. d4 cxd4 4. Nxd4 Nf6 5. Nc3 d6 6. Bc4 Qb6 7. Nde2 e6
8. O-O a6 9. a4 Be7 10. Be3 Qc7 11. Qd2 O-O 12. Rad1 Rd8 13. f4 Na5 14. Ba2
Nc4 15. Bxc4 Qxc4 16. b3 Qc7 17. f5 d5 18. exd5 Nxd5 19. Nxd5 Rxd5 20. Qc1
Rxf5 21. Rxf5 exf5 22. Qd2 Be6 23. Bf4 Qb6+ 24. Kh1 Rd8 25. Qc1 Bd5 26. Be3
Qc6 27. Nf4 Be4 28. Rxd8+ Bxd8 29. c4 h6 30. Kg1 Bf6 31. Qd2 Be7 32. Nd5
Bc5 33. Bf2 Bxf2+ 34. Kxf2 Qc5+ 35. Kf1 Qd6 36. g3 Qe5 37. Nc3 Bf3 38. Kf2
Be4 39. Nxe4 Qxe4 40. Qe3 Kf8 41. Qc5+ Ke8 42. Qc8+ Ke7 43. Qc7+ Kf6 44.
Qd6+ Qe6 45. Qd4+ Kg6 46. h4 f6 47. a5 Qe5 48. Qd2 Qc5+ 49. Kf3 Qc6+ 50.
Qd5 Qc7 51. h5+ Kg5 52. b4 Qe7 53. c5 Qe1 54. Qg8 Qd1+ 55. Kf2 Qd2+ 56. Kf1
Qd3+ 57. Kf2 Qd4+ 58. Kf1 Kxh5 59. Qf7+ g6 60. Qxb7 Qd3+ 61. Kf2 Kg4 62.
Qg2 Qd2+ 63. Kf1 Qxb4 64. c6 Qb1+ 65. Kf2 Qa2+ 66. Kf1 Qxa5 67. Qe2+ Kg5
68. Qe3+ Kh5 69. Qf3+ Kg5 70. Qf4+ Kh5 71. Qh4# { Black checkmated } 1-0